[ PARTIDA AOE2 · #504942122 ]
UnrankedTártaros vs Muisca
Equipo del jugador · VICT
Equipo rival · DERR
[ ANÁLISIS DE REPETICIÓN · EXTRAÍDO DE LA PARTIDA GRABADA ]
Feudal
8:53
Castillos
25:12
Imperial
—
| APM promedio | 67.3 |
| APM pico | 99 |
| eAPM promedio | 20.6 |
| Aldeanos / militares | 72 / 26 |
Foco
⚔️ 43.4% · 🌾 56.6%
Scout Cavalry ×18 · Knight ×8
Feudal
10:06
Castillos
14:16
Imperial
—
| APM promedio | 75.5 |
| APM pico | 121 |
| eAPM promedio | 26.2 |
| Aldeanos / militares | 28 / 0 |
Foco
⚔️ 26.0% · 🌾 74.0%
Unknown (2562) ×30
Mapa de la partida
Recursos iniciales + cada clic de construcción. Líneas = muros · curvas = relieve. ◆ oro · ⬟ piedra · ● bayas · ✦ reliquia · ◌ hueco del cierre
Tu base· Abierta — flanco sin cerrar
Base de MzTm | Monito Monito· Abierta — flanco sin cerrar
Terreno inicial suavizado · ◌ = hueco del cierre detectado · pasá el cursor para detalles
Inputs por minuto
— Butterfly - - MzTm | Monito Monito
Build order — Butterfly
Primeras 150 de 188 acciones detectadas
| 0:01 | Encolar | Villager (Male) |
| 0:01 | Encolar | Villager (Male) |
| 0:02 | Construir | House |
| 0:06 | Construir | House |
| 0:09 | Encolar | Villager (Male) |
| 0:13 | Encolar | Villager (Male) |
| 1:30 | Encolar | Villager (Male) |
| 1:30 | Encolar | Villager (Male) |
| 1:30 | Encolar | Villager (Male) |
| 1:30 | Encolar | Villager (Male) |
| 1:48 | Construir | Lumber Camp |
| 1:53 | Encolar | Villager (Male) |
| 2:21 | Encolar | Villager (Male) |
| 2:22 | Encolar | Villager (Male) |
| 2:53 | Encolar | Villager (Male) |
| 2:53 | Encolar | Villager (Male) |
| 3:04 | Encolar | Villager (Male) |
| 3:05 | Encolar | Villager (Male) |
| 3:17 | Investigar | Loom |
| 3:40 | Construir | House |
| 4:11 | Encolar | Villager (Male) |
| 4:20 | Encolar | Villager (Male) |
| 4:29 | Construir | Mill |
| 4:38 | Encolar | Villager (Male) |
| 4:39 | Encolar | Villager (Male) |
| 4:59 | Encolar | Villager (Male) |
| 4:59 | Encolar | Villager (Male) |
| 6:15 | Encolar | Villager (Male) |
| 6:43 | Investigar | Feudal Age |
| 8:07 | Construir | Barracks |
| 8:41 | Encolar | Villager (Male) |
| 8:42 | Encolar | Villager (Male) |
| 8:53 | Edad | Edad Feudal |
| 8:59 | Encolar | Villager (Male) |
| 9:15 | Construir | Stable |
| 9:24 | Investigar | Wheelbarrow |
| 9:34 | Construir | House |
| 9:48 | Construir | House |
| 10:08 | Construir | Mining Camp |
| 10:11 | Encolar | Scout Cavalry |
| 10:31 | Encolar | Scout Cavalry |
| 10:34 | Encolar | Villager (Male) |
| 10:34 | Encolar | Villager (Male) |
| 10:46 | Encolar | Scout Cavalry |
| 11:01 | Encolar | Villager (Male) |
| 11:12 | Construir | Watch Tower |
| 11:27 | Encolar | Villager (Male) |
| 11:45 | Construir | Mill |
| 12:11 | Encolar | Villager (Male) |
| 12:34 | Construir | Watch Tower |
| 12:44 | Construir | Palisade Wall |
| 12:46 | Construir | Palisade Wall |
| 12:50 | Construir | Palisade Wall |
| 12:52 | Construir | Palisade Wall |
| 12:54 | Encolar | Villager (Male) |
| 12:54 | Encolar | Villager (Male) |
| 13:27 | Construir | House |
| 13:30 | Construir | Palisade Wall |
| 13:32 | Encolar | Villager (Male) |
| 13:41 | Construir | Farm |
| 13:41 | Construir | Farm |
| 13:41 | Construir | Farm |
| 13:41 | Construir | Farm |
| 13:54 | Encolar | Scout Cavalry |
| 14:06 | Encolar | Villager (Male) |
| 14:09 | Construir | Farm |
| 14:17 | Construir | House |
| 14:25 | Encolar | Villager (Male) |
| 14:25 | Encolar | Villager (Male) |
| 14:29 | Encolar | Scout Cavalry |
| 14:46 | Construir | Farm |
| 14:48 | Construir | Farm |
| 14:48 | Construir | Farm |
| 14:53 | Encolar | Villager (Male) |
| 15:22 | Encolar | Villager (Male) |
| 15:39 | Construir | House |
| 15:46 | Construir | Stone Wall |
| 15:48 | Construir | Stone Wall |
| 15:50 | Construir | Watch Tower |
| 15:53 | Construir | Stone Wall |
| 15:55 | Encolar | Villager (Male) |
| 15:55 | Encolar | Villager (Male) |
| 16:02 | Construir | Stone Wall |
| 16:12 | Construir | Stone Wall |
| 16:13 | Encolar | Villager (Male) |
| 16:13 | Encolar | Villager (Male) |
| 16:16 | Construir | House |
| 16:20 | Encolar | Scout Cavalry |
| 16:25 | Construir | Blacksmith |
| 16:32 | Encolar | Scout Cavalry |
| 16:56 | Encolar | Villager (Male) |
| 17:07 | Construir | House |
| 17:09 | Investigar | Forging |
| 17:40 | Construir | House |
| 17:52 | Encolar | Villager (Male) |
| 17:58 | Construir | Farm |
| 18:02 | Encolar | Villager (Male) |
| 18:06 | Construir | House |
| 18:09 | Encolar | Scout Cavalry |
| 18:14 | Construir | Farm |
| 18:15 | Construir | Farm |
| 18:30 | Construir | House |
| 18:32 | Encolar | Villager (Male) |
| 18:34 | Construir | Farm |
| 18:39 | Construir | Mining Camp |
| 18:45 | Investigar | Scale Barding Armor |
| 18:49 | Construir | Watch Tower |
| 19:06 | Encolar | Villager (Male) |
| 19:16 | Construir | Watch Tower |
| 19:19 | Encolar | Villager (Male) |
| 19:20 | Construir | Stone Wall |
| 19:28 | Construir | House |
| 19:29 | Encolar | Villager (Male) |
| 19:33 | Construir | Farm |
| 19:35 | Construir | Farm |
| 19:36 | Construir | Farm |
| 19:38 | Encolar | Scout Cavalry |
| 19:55 | Construir | Farm |
| 19:56 | Construir | Farm |
| 20:03 | Encolar | Scout Cavalry |
| 20:03 | Encolar | Scout Cavalry |
| 20:12 | Construir | House |
| 20:32 | Encolar | Villager (Male) |
| 20:36 | Construir | Farm |
| 20:36 | Construir | Farm |
| 20:37 | Construir | Farm |
| 20:37 | Construir | Farm |
| 20:37 | Construir | Farm |
| 20:46 | Construir | House |
| 21:14 | Construir | Watch Tower |
| 21:19 | Construir | Watch Tower |
| 21:24 | Encolar | Villager (Male) |
| 21:57 | Encolar | Villager (Male) |
| 22:27 | Construir | House |
| 22:32 | Investigar | Castle Age |
| 23:01 | Investigar | Bloodlines |
| 23:05 | Encolar | Scout Cavalry |
| 23:10 | Construir | House |
| 23:23 | Encolar | Scout Cavalry |
| 23:30 | Construir | Stable |
| 23:38 | Construir | Watch Tower |
| 23:42 | Encolar | Scout Cavalry |
| 23:53 | Construir | Watch Tower |
| 24:06 | Encolar | Scout Cavalry |
| 24:19 | Encolar | Scout Cavalry |
| 24:33 | Construir | House |
| 24:37 | Encolar | Scout Cavalry |
| 24:37 | Encolar | Scout Cavalry |
| 25:02 | Construir | House |
| 25:12 | Edad | Edad de los Castillos |
Build order — MzTm | Monito Monito
88 acciones detectadas en el replay
| 0:01 | Encolar | Villager (Male) |
| 0:01 | Encolar | Villager (Male) |
| 0:01 | Encolar | Villager (Male) |
| 0:02 | Encolar | Villager (Male) |
| 0:02 | Construir | House |
| 0:04 | Construir | House |
| 1:33 | Encolar | Villager (Male) |
| 1:59 | Encolar | Villager (Male) |
| 2:29 | Encolar | Villager (Male) |
| 2:29 | Encolar | Villager (Male) |
| 2:36 | Construir | Settlement |
| 2:52 | Encolar | Villager (Male) |
| 3:14 | Encolar | Villager (Male) |
| 3:31 | Encolar | Villager (Male) |
| 3:39 | Encolar | Villager (Male) |
| 3:39 | Encolar | Villager (Male) |
| 3:57 | Encolar | Villager (Male) |
| 4:11 | Encolar | Villager (Male) |
| 4:42 | Encolar | Villager (Male) |
| 4:56 | Encolar | Villager (Male) |
| 5:19 | Encolar | Villager (Male) |
| 5:47 | Encolar | Villager (Male) |
| 5:55 | Construir | Settlement |
| 6:19 | Construir | Settlement |
| 6:38 | Encolar | Villager (Male) |
| 6:59 | Investigar | Loom |
| 7:55 | Investigar | Feudal Age |
| 9:41 | Construir | Farm |
| 9:42 | Construir | Farm |
| 10:06 | Edad | Edad Feudal |
| 10:07 | Construir | Market |
| 10:09 | Encolar | Villager (Male) |
| 10:31 | Construir | Blacksmith |
| 10:44 | Encolar | Villager (Male) |
| 11:07 | Construir | Palisade Wall |
| 11:28 | Construir | Palisade Wall |
| 11:36 | Investigar | Castle Age |
| 11:50 | Construir | Palisade Wall |
| 12:38 | Encolar | Villager (Male) |
| 13:15 | Construir | Settlement |
| 14:05 | Encolar | Villager (Male) |
| 14:10 | Investigar | Fletching |
| 14:16 | Edad | Edad de los Castillos |
| 15:49 | Encolar | Villager (Male) |
| 15:49 | Encolar | Villager (Male) |
| 17:16 | Construir | Castle |
| 18:53 | Construir | Outpost |
| 19:23 | Encolar | Unit 2562 |
| 19:41 | Construir | Settlement |
| 20:37 | Encolar | Unit 2562 |
| 20:37 | Encolar | Unit 2562 |
| 20:37 | Encolar | Unit 2562 |
| 20:54 | Encolar | Unit 2562 |
| 20:55 | Encolar | Unit 2562 |
| 20:55 | Encolar | Unit 2562 |
| 21:27 | Encolar | Unit 2562 |
| 22:10 | Encolar | Unit 2562 |
| 22:10 | Encolar | Unit 2562 |
| 22:11 | Encolar | Unit 2562 |
| 22:32 | Construir | Settlement |
| 22:41 | Encolar | Unit 2562 |
| 22:41 | Encolar | Unit 2562 |
| 23:33 | Encolar | Unit 2562 |
| 23:33 | Encolar | Unit 2562 |
| 23:34 | Encolar | Unit 2562 |
| 24:31 | Investigar | Bodkin Arrow |
| 24:37 | Construir | Settlement |
| 24:42 | Encolar | Unit 2562 |
| 24:42 | Encolar | Unit 2562 |
| 25:17 | Encolar | Unit 2562 |
| 25:18 | Encolar | Unit 2562 |
| 26:43 | Encolar | Unit 2562 |
| 26:44 | Encolar | Unit 2562 |
| 27:04 | Construir | Settlement |
| 27:40 | Encolar | Unit 2562 |
| 27:40 | Encolar | Unit 2562 |
| 27:43 | Encolar | Villager (Male) |
| 28:14 | Encolar | Unit 2562 |
| 28:14 | Encolar | Unit 2562 |
| 28:39 | Encolar | Unit 2562 |
| 28:39 | Encolar | Unit 2562 |
| 28:53 | Encolar | Villager (Male) |
| 29:00 | Encolar | Unit 2562 |
| 29:00 | Encolar | Unit 2562 |
| 29:09 | Construir | Farm |
| 29:09 | Construir | Farm |
| 29:09 | Construir | Farm |
| 29:19 | Construir | House |
Cronología de la partida
| 8:07 | Butterfly · first_building Barracks |
| 8:53 | Butterfly · age_up feudal |
| 9:15 | Butterfly · first_building Stable |
| 10:06 | MzTm | Monito Monito · age_up feudal |
| 11:07 | MzTm | Monito Monito · wall_segment Palisade Wall x8 |
| 11:28 | MzTm | Monito Monito · wall_segment Palisade Wall x1 |
| 11:50 | MzTm | Monito Monito · wall_segment Palisade Wall x1 |
| 12:44 | Butterfly · wall_segment Palisade Wall x1 |
| 12:46 | Butterfly · wall_segment Palisade Wall x1 |
| 12:50 | Butterfly · wall_segment Palisade Wall x1 |
| 12:52 | Butterfly · wall_segment Palisade Wall x1 |
| 12:56 | MzTm | Monito Monito · first_market_sell 100 food |
| 13:05 | MzTm | Monito Monito · first_market_buy 100 wood |
| 13:30 | Butterfly · wall_segment Palisade Wall x1 |
| 14:16 | MzTm | Monito Monito · age_up castle |
| 15:46 | Butterfly · wall_segment Stone Wall x1 |
| 15:48 | Butterfly · wall_segment Stone Wall x1 |
| 15:53 | Butterfly · wall_segment Stone Wall x1 |
| 16:02 | Butterfly · wall_segment Stone Wall x1 |
| 16:12 | Butterfly · wall_segment Stone Wall x1 |
| 17:16 | MzTm | Monito Monito · first_building Castle |
| 19:20 | Butterfly · wall_segment Stone Wall x1 |
| 25:12 | Butterfly · age_up castle |
| 27:47 | Butterfly · wall_segment Stone Wall x1 |
| 29:07 | Butterfly · first_building Monastery |
| 29:41 | MzTm | Monito Monito · resign |
[ ANÁLISIS IA · 1 CRÉDITO ]
¿Qué pasó realmente en esta partida?
Wolo.gg analiza cada decisión: build order, eco, micro, errores típicos por bracket. Análisis personalizado por WhatsApp o Discord en 30 segundos.
Guía civ
Tártaros
Perfil
Jugador #11988869